 Dungeon Crawl Stone Soup version 0.29-a0-334-gb41bcbb86e (webtiles) character file.

Game seed: 8632403241239280718

3558 Dauddaud the Impaler (level 9, -1/71 HPs)
             Began as a Minotaur Berserker on Apr 14, 2022.
             Was a Priest of Trog.
             Asphyxiated
             ... in a bailey.
             The game lasted 00:26:22 (8578 turns).

Dauddaud the Impaler (Minotaur Berserker)           Turns: 8578, Time: 00:26:23

Health: -1/71      AC: 12    Str: 26    XL:     9   Next: 83%
Magic:  8/8        EV:  9    Int:  4    God:    Trog [***...]
Gold:   808        SH:  0    Dex: 10    Spells: 8/8 levels left

rFire   + . .      SeeInvis .   F - +2 halberd (chaos)
rCold   . . .      Faith    .   (shield currently unavailable)
rNeg    . . .      Spirit   .   D - +0 chain mail
rPois   .          Reflect  .   (helmet restricted)
rElec   .          Harm     .   (no cloak)
rCorr   .          Rampage  .   (no gloves)
Will    ++...      Rage     1%  f - +0 pair of boots
Stlth   ..........              (no amulet)
HPRegen 1.21/turn               E - ring of protection from fire
MPRegen 0.11/turn               (no ring)

@: lethally poisoned (-1 -> -10), strong-willed, on berserk cooldown,
regenerating, hasted and slowed
A: horns 2, retaliatory headbutt, iridescent scales 1, berserk 1, mutation
resistance 1
a: Renounce Religion, Berserk, Trog's Hand


You were in a bailey.
You worshipped Trog.
Trog was most pleased with you.
You visited 2 branches of the dungeon, and saw 9 of its levels.
You also visited: Bailey.

You collected 808 gold pieces.

Inventory:

Hand Weapons
 a - a +1 vorpal war axe
 b - a +0 whip
 y - a +1 glaive of flaming
 F - a +2 halberd of chaos (weapon)
 P - the +5 hand axe of Jazxetuo {vamp, MP+9}
   (You found it on level 7 of the Dungeon)

   It occasionally heals its wielder for a portion of the damage dealt when it
   wounds a living foe.
   MP:        It affects your magic capacity (+9).
Missiles
 e - 14 boomerangs
 t - 11 poisoned darts
 B - 11 curare-tipped darts (quivered)
Armour
 f - a +0 pair of boots (worn)
 D - a +0 chain mail (worn)
 O - a +0 buckler
Jewellery
 E - a ring of protection from fire (left hand)
Wands
 H - a wand of flame (42)
 J - a wand of digging (6)
 R - a wand of charming (5)
Scrolls
 d - 2 scrolls of blinking {unknown}
 g - a scroll of immolation {unknown}
 i - 3 scrolls of teleportation
 k - 2 scrolls of amnesia
 n - a scroll of fog {unknown}
 q - a scroll of brand weapon
 r - a scroll of vulnerability
 s - a scroll of enchant weapon {unknown}
 x - a scroll of enchant armour {unknown}
 K - a scroll of silence {unknown}
 Q - a scroll of identify
Potions
 c - 3 potions of invisibility
 l - 3 potions of magic
 p - 2 potions of lignification
 u - 3 potions of ambrosia
 A - 2 potions of might


   Skills:
 - Level 4.0 Fighting
 - Level 7.3(12.1) Axes
 * Level 15.1(15.7) Polearms
 - Level 2.5 Armour
 - Level 2.2 Dodging
 - Level 0.4 Stealth


You had 8 spell levels left.
You didn't know any spells.
Your spell library was empty.

Dungeon Overview and Level Annotations

Branches:
Dungeon (8/15)             Temple (1/1) D:6          Bailey (1/1)
   Lair: D:8-11

Altars:
Ashenzari
Cheibriados
Elyvilon
Fedhas
Gozag
Hepliaklqana
Kikubaaqudgha
Makhleb
Nemelex Xobeh
Qazlal
Ru
Sif Muna
Uskayaw
Vehumet
Wu Jian
Xom
Yredelemnul
Zin
The Shining One

Shops:
D:6 *


Innate Abilities, Weirdness & Mutations

You have a pair of horns on your head.
You reflexively headbutt those who attack you in melee.
You are partially covered in iridescent scales. (AC +2)
You tend to lose your temper in combat.
You are somewhat resistant to further mutation.


Message History

a +0 broad axe; a +0 ring mail You are too berserk!
You feel a strong urge to attack something.
You feel sick.
The kobold brigand throws a curare-tipped dart.
The curare-tipped dart barely misses you.
You feel your anger nearly subside.
You are no longer berserk.
You are exhausted.
You feel yourself slow down.
You feel sick.
The kobold brigand throws a poisoned dart.
The poisoned dart barely misses you.
The kobold throws a boomerang.
The boomerang hits you but does no damage.
You feel sick.
The kobold brigand throws a poisoned dart.
The poisoned dart hits you!
You are more poisoned.
You feel very sick.
The kobold brigand throws a poisoned dart.
The poisoned dart hits you!
You are more poisoned.
The orc warrior throws an atropa-tipped dart.
The atropa-tipped dart hits you.
You are confused.
The kobold brigand throws a curare-tipped dart.
The curare-tipped dart barely misses you.
You feel less confused.
You feel very sick.
The orc warrior throws an atropa-tipped dart.
The atropa-tipped dart barely misses you.
The kobold brigand throws a curare-tipped dart.
The curare-tipped dart barely misses you.
You feel yourself speed up.
You feel very sick.
The kobold brigand throws a curare-tipped dart.
The curare-tipped dart barely misses you.
The kobold brigand throws a curare-tipped dart.
The curare-tipped dart hits you.
You are more poisoned.
You have difficulty breathing.
You die...

#∩(....∩# #.KK..#
####''K####
##≈...o.K.≈##
#≈≈....Ko.≈≈###
.≈≈.......≈≈....
#≈≈.......≈≈###.#
.≈≈.......≈≈...
##≈≈....@..≈≈###
..≈≈.......≈≈...
##≈≈.......≈≈###
..≈≈.......≈≈...
##≈≈....†..≈≈###.
..≈≈....)..≈≈....
#≈≈.......≈≈###
##≈....)..≈##
####.†.####


You could see 2 orc warriors, 4 kobold brigands and a kobold.

Vanquished Creatures
  A hydra (D:6)
  A troll (D:6)
  Duvessa (D:6)
  A water moccasin (D:7)
  3 orc warriors
  3 black bears (D:7)
  An ice beast (D:6)
  Blork the orc (D:4)
  3 kobold brigands (Bailey)
  4 necrophages
  3 scorpions
  9 wights
  Dowan (D:6)
  2 hounds
  3 orc priests
  4 jellies
  2 iguanas
  5 orc wizards
  A gnoll (D:1)
  6 adders
  3 shadow imps
  A white imp (D:5)
  4 ufetubi
  A dart slug (D:2)
  34 orcs
  3 bats
  5 endoplasms
  4 giant cockroaches
  5 goblins
  7 hobgoblins
  4 jackals (D:1)
  3 quokkas
  4 ball pythons
  A frilled lizard (D:2)
  14 kobolds
  9 rats
157 creatures vanquished.

Notes
Turn   | Place    | Note
-------+----------+-------------------------------------------
     0 | D:1      | Dauddaud the Minotaur Berserker began the quest for the
                  | Orb.
     0 | D:1      | Reached XP level 1. HP: 19/19 MP: 0/0
    36 | D:1      | Reached XP level 2. HP: 15/27 MP: 1/1
   903 | D:1      | Reached XP level 3. HP: 30/33 MP: 2/2
  1476 | D:2      | Reached skill level 5 in Axes
  2004 | D:3      | Reached ** piety under Trog
  2024 | D:3      | Reached XP level 4. HP: 40/40 MP: 3/3
  2109 | D:3      | Noticed a scorpion
  2115 | D:3      | Killed a scorpion
  2222 | D:3      | Reached XP level 5. HP: 36/46 MP: 4/4
  2491 | D:3      | Found a burning altar of Makhleb.
  2615 | D:4      | Noticed Blork the orc
  2623 | D:4      | Killed Blork the orc
  3038 | D:4      | Reached skill level 1 in Polearms
  3126 | D:4      | Reached skill level 2 in Polearms
  3126 | D:4      | Reached XP level 6. HP: 36/52 MP: 5/5
  3501 | D:4      | Reached skill level 3 in Polearms
  3949 | D:4      | Reached skill level 4 in Polearms
  3989 | D:5      | Entered Level 5 of the Dungeon
  3993 | D:5      | Found an ornate altar of the Wu Jian Council.
  4590 | D:5      | Reached skill level 5 in Polearms
  4751 | D:5      | Reached XP level 7. HP: 59/59 MP: 6/6
  4816 | D:5      | Found a sacrificial altar of Ru.
  5032 | D:5      | Reached skill level 6 in Polearms
  5199 | D:6      | Found a glowing golden altar of the Shining One.
  5211 | D:6      | Noticed Dowan
  5212 | D:6      | Noticed Duvessa
  5218 | D:6      | Killed Dowan
  5228 | D:6      | Killed Duvessa
  5229 | D:6      | Reached skill level 7 in Polearms
  5409 | D:6      | Found Gozag's Platinum Reserve.
  5422 | D:6      | Noticed a troll
  5437 | D:6      | Killed a troll
  5438 | D:6      | Reached skill level 8 in Polearms
  5438 | D:6      | Reached XP level 8. HP: 14/66 MP: 7/7
  5445 | D:6      | Reached skill level 9 in Polearms
  5945 | D:6      | Found a stormy altar of Qazlal.
  6121 | D:6      | Found a blossoming altar of Fedhas.
  6174 | D:6      | Found an opulent altar of Gozag.
  6245 | D:6      | Found a staircase to the Ecumenical Temple.
  6249 | D:6      | Reached skill level 10 in Polearms
  6257 | Temple   | Entered the Ecumenical Temple
  6359 | D:6      | Noticed a six-headed hydra
  6368 | D:6      | Killed a three-headed hydra
  6369 | D:6      | Reached skill level 12 in Polearms
  6370 | D:6      | Reached XP level 9. HP: 50/71 MP: 8/8
  6938 | D:7      | Gained mutation: You have hidden genetic defects. [potion
                  | of mutation]
  6938 | D:7      | Gained mutation: You tend to lose your temper in combat.
                  | [potion of mutation]
  6938 | D:7      | Gained mutation: You are partially covered in iridescent
                  | scales. (AC +2) [potion of mutation]
  6938 | D:7      | Gained mutation: You expend magic power (3 MP) to
                  | strengthen your wands. [potion of mutation]
  6939 | D:7      | Lost mutation: You expend magic power (3 MP) to strengthen
                  | your wands. [potion of mutation]
  6939 | D:7      | Lost mutation: You have hidden genetic defects. [potion of
                  | mutation]
  6939 | D:7      | Gained mutation: You are somewhat resistant to further
                  | mutation. [potion of mutation]
  6949 | D:7      | Reached skill level 13 in Polearms
  6957 | D:7      | Found a radiant altar of Vehumet.
  7367 | D:7      | Identified the +5 hand axe of Jazxetuo {vamp, MP+9}
  7512 | D:7      | Reached *** piety under Trog
  7690 | D:7      | Found a snail-covered altar of Cheibriados.
  7869 | D:7      | Reached skill level 14 in Polearms
  8336 | D:8      | Found a flagged portal.
  8345 | Bailey   | Entered a bailey
  8571 | Bailey   | Reached skill level 15 in Polearms
  8578 | Bailey   | Asphyxiated

Illustrated notes

Levels and vault maps discovered:
D:1:      dpeg_arrival_tiny_c, layout_loops_corners,
          hangedman_abyss_or_decor_stabs
D:2:      layout_loops_cross
D:3:      layout_rooms, old_standard_altar
D:4:      layout_loops_ring, kennysheep_nondescript, kennysheep_generic_room_3,
          uniq_blork_the_orc
D:5:      layout_loops_ring, nicolae_ru_path_of_blood,
          nicolae_wu_jian_wuxing_cycle
D:6:      layout_cave_pods, lemuel_coloured_pillars_altar,
          mainiacjoe_overflow_small_starburst, nicolae_gozag_zags_fifth_avenue,
          fedhas_ov_isle_minmay, minmay_temple_entry_glassed_door,
          lightli_orcish_oven, uniq_duvessa
D:7:      layout_basic, vehumet_altar_wand_db, cheibriados_altar_1,
          serial_corexii_hall, corexii_hall_statues_i, corexii_hall_statues_u,
          nrook_mini_vaults
D:8:      layout_rooms, lightli_temple_of_fire, enter_bailey_8,
          ebering_dispersal_statue_hall, grunt_ministairs_4, minmay_nine_imps
Temple:   cyrus_temple_forest
Bailey:   bailey_axe_3, bailey

Skill      XL: |  1  2  3  4  5  6  7  8  9 |
---------------+----------------------------+-----
Fighting       | 4 |  4.0
Axes           | 4 5 6 7 |  7.3
Polearms       | 2 5 8 12 15 | 15.1
Armour         | |  2.5
Dodging        | |  2.2
Stealth        | |  0.4

Action                   |  1- 3 |  4- 6 |  7- 9 || total
-------------------------+-------+-------+-------++-------
Melee: Hand axe          |    76 |    23 |       ||    99
       Headbutt          |    13 |    14 |    22 ||    49
       Glaive            |       |    96 |    94 ||   190
       War axe           |       |    14 |       ||    14
       Punch             |       |     1 |       ||     1
       Halberd           |       |       |    91 ||    91
Invok: Berserk           |     1 |     4 |     7 ||    12
       Trog's Hand       |       |     1 |     5 ||     6
  Use: Scroll            |       |    13 |     2 ||    15
       Potion            |       |       |     4 ||     4
 Stab: Sleeping          |     1 |       |       ||     1
Armor: Animal skin       |     8 |       |       ||     8
       Scale mail        |    17 |    29 |       ||    46
       Leather armour    |     4 |       |       ||     4
       Chain mail        |       |    60 |   110 ||   170
Dodge: Dodged            |    66 |    79 |    75 ||   220

Table legend: (Time is in decaauts)
 A = Elapsed time spent in this place.
 B = Non-inter-level travel time spent in this place.
 C = Inter-level travel time spent in this place.
 D = Time resting spent in this place.
 E = Time spent auto-exploring this place.
 F = Levels seen in this place.
 G = Mean time per level.
                   A        B        C        D        E       F      G
               +--------+--------+--------+--------+--------+-----+--------+
         Total |   8711 |   8496 |    215 |   2479 |   4541 |  10 |  871.1 |
       Dungeon |   8389 |   8174 |    215 |   2349 |   4501 |   8 | 1048.6 |
        Temple |     94 |     94 |      0 |      0 |     40 |   1 |   94.0 |
        Bailey |    227 |    227 |      0 |    130 |      0 |   1 |  227.0 |
               +--------+--------+--------+--------+--------+-----+--------+

Top non-repeatable levels by time:
     D:6: 1597 daAuts
     D:4: 1417 daAuts
     D:7: 1255 daAuts
     D:5: 1226 daAuts
     D:1: 1211 daAuts
     D:2: 793 daAuts
     D:3: 633 daAuts
     D:8: 253 daAuts
  Bailey: 227 daAuts
  Temple: 94 daAuts
